 Dungeon Crawl Stone Soup version 0.25-a0-413-g3b4b6a4ccc (webtiles) character file.

Game seed: 9061570884732371875, levelgen mode: deterministic

379 MrRokkomies the Ducker (level 6, -5/32 HPs)
             Began as a Spriggan Abyssal Knight on Jan 17, 2020.
             Was a Follower of Lugonu.
             Succumbed to a green very ugly thing's poison
             ... on level 2 of the Abyss.
             The game lasted 00:02:17 (154 turns).

MrRokkomies the Ducker (Spriggan Abyssal Knight)     Turns: 154, Time: 00:02:18

Health: -5/32      AC:  2    Str: 10    XL:     6   Next: 45%
Magic:  4/10       EV: 20    Int: 14    God:    Lugonu [*.....]
Gold:   3          SH:  0    Dex: 15    Spells: 5/5 levels left

rFire    . . .     SeeInvis +   a - +1 short sword
rCold    . . .     Gourm    .   (shield restricted)
rNeg     . . .     Faith    .   b - +0 robe
rPois    .         Spirit   .   (helmet restricted)
rElec    .         Reflect  .   (no cloak)
rCorr    .         Harm     .   (gloves unavailable)
MR       +....                  (boots unavailable)
Stlth    +.........             (no amulet)
HPRegen  0.10/turn              (no ring)
MPRegen  0.12/turn              (no ring)

@: lethally poisoned (-5 -> -93), very quick
A: very small, unfitting armour, see invisible, herbivore, speed 3, slow
metabolism 2
a: Depart the Abyss, Renounce Religion


You were on level 2 of the Abyss.
You worshipped Lugonu.
Lugonu was aware of your devotion.
You were not hungry.

You visited 0 branches of the dungeon, and saw 0 of its levels.
You visited the Abyss 1 time.

You collected 3 gold pieces.

Inventory:

Hand Weapons
 a - a +1 short sword (weapon)
Armour
 b - a +0 robe (worn)
Wands
 d - a wand of disintegration (4)
Comestibles
 c - a ration


   Skills:
 - Level 2.4 Fighting
 * Level 4.7 Short Blades
 + Level 5.2 Dodging
 * Level 3.2 Invocations
 + Level 4.8 Evocations


You had 5 spell levels left.
You didn't know any spells.
Your spell library was empty.

Dungeon Overview and Level Annotations

Branches:
Dungeon (0/15)

Altars:


Innate Abilities, Weirdness & Mutations

You are very small and have problems with some larger weapons.
You are too small for most types of armour.
You have supernaturally acute eyesight. (SInv)
You are a herbivore.
You cover ground extremely quickly.
You need to consume almost no food.


Message History

The brown ugly thing basks in the mutagenic energy from its kin and changes!
Evoke which item? (* to show all) (? for menu, Esc to quit)
Aiming: Disintegrate
Press: ? - help, Shift-Dir - straight line, f/p - green very ugly thing
Aim: a green very ugly thing (heavily wounded, chance to defeat MR: 67%)
The green very ugly thing is blasted!!
A green ugly thing comes into view.
The green very ugly thing bites you!!
Ouch! That really hurt!
* * * LOW HITPOINT WARNING * * *
You are lethally poisoned!
The green very ugly thing poisons you!
* * * LOW HITPOINT WARNING * * *
You feel very sick.
Evoke which item? (* to show all) (? for menu, Esc to quit)
Aiming: Disintegrate
Press: ? - help, Shift-Dir - straight line, f/p - green very ugly thing
Aim: a green very ugly thing (almost dead, chance to defeat MR: 67%)
The green very ugly thing struggles to resist.
You die...

# #.##
## ## .
#.# .##
.. . ##
## #.#
# #
#.##.#
##
#.#.##
# #
##.##
#.....#
####.##
#.#.@.#
#..u###
#.#>#.#
..
#h#..#
..#
.#.###
#. #.$
# #
#.#. .h
##u#
.#. u
#...


You could see a green very ugly thing and a raiju.

Vanquished Creatures
  2 raiju (Abyss:2)
2 creatures vanquished.

Notes
Turn   | Place    | Note
-------+----------+-------------------------------------------
     0 | Abyss:1  | MrRokkomies the Spriggan Abyssal Knight began the quest for
                  | the Orb.
     0 | Abyss:1  | Reached XP level 1. HP: 11/11 MP: 3/3
     7 | Abyss:1  | Found a corrupted altar of Lugonu.
    99 | Abyss:2  | Noticed a small abomination
   135 | Abyss:2  | Noticed a raiju
   137 | Abyss:2  | Noticed a raiju
   139 | Abyss:2  | Killed a raiju
   139 | Abyss:2  | Reached skill level 4 in Dodging
   139 | Abyss:2  | Reached XP level 2. HP: 16/16 MP: 3/5
   139 | Abyss:2  | Reached XP level 3. HP: 19/19 MP: 3/6
   139 | Abyss:2  | Reached XP level 4. HP: 23/23 MP: 3/7
   139 | Abyss:2  | Reached XP level 5. HP: 27/27 MP: 3/8
   142 | Abyss:2  | Killed a raiju
   142 | Abyss:2  | Reached skill level 5 in Dodging
   142 | Abyss:2  | Reached XP level 6. HP: 32/32 MP: 3/10
   143 | Abyss:2  | Noticed a green very ugly thing
   145 | Abyss:2  | Noticed a green ugly thing
   147 | Abyss:2  | Noticed a raiju
   152 | Abyss:2  | Noticed a green ugly thing
   153 | Abyss:2  | HP: 1/32 [poisoned by a green very ugly thing]
   154 | Abyss:2  | Succumbed to a green very ugly thing's poison

Levels and vault maps discovered:
Abyss:2

Skill      XL: |  1  2  3  4  5 |
---------------+----------------+-----
Short Blades   | 4 |  4.7
Dodging        | 4 5 |  5.2
Invocations    | 2 3 |  3.2
Evocations     | 3 4 |  4.8
Fighting       | |  2.4

Action                   |  1- 3 |  4- 6 || total
-------------------------+-------+-------++-------
Evoke: Wand              |     3 |    12 ||    15
Dodge: Dodged            |     2 |       ||     2

Table legend:
 A = Non-vault XP
 B = Vault XP
 C = Vault XP percentage of total XP
 D = Non-vault monster count
 E = Vault monster count
 F = Vault count percentage of total count
                 A         B        C        D         E       F
            +---------+---------+-------+---------+---------+-------
      Total |     542 |       0 |   0.0 |       2 |       0 |   0.0
            +---------+---------+-------+---------+---------+-------
    Abyss:2 |     542 |       0 |   0.0 |       2 |       0 |   0.0
            +---------+---------+-------+---------+---------+-------
